 Dungeon Crawl Stone Soup version 0.27.0-1-g7a089689b8 (webtiles) character file.

Game seed: 2207257951035935621

15 Spectrina the Ducker (level 2, -5/18 HPs)
             Began as a Deep Elf Monk on Aug 11, 2021.
             Slain by a scorpion (7 damage)
             ... on level 4 of the Dungeon.
             The game lasted 00:02:52 (412 turns).

Spectrina the Ducker (Deep Elf Monk)                 Turns: 412, Time: 00:02:53

Health: -5/18      AC:  2    Str:  8    XL:     2   Next: 34%
Magic:  5/5        EV: 13    Int: 14    God:
Gold:   24         SH:  0    Dex: 17    Spells: 3/3 levels left

rFire    x . .     SeeInvis .   a - +0 short sword
rCold    + . .     Faith    .   (no shield)
rNeg     . . .     Spirit   .   b - +0 robe
rPois    +         Reflect  .   (no helmet)
rElec    .         Harm     .   (no cloak)
rCorr    .         Rampage  .   (no gloves)
Will     .....                  (no boots)
Stlth    ++........             i - amulet of regeneration
HPRegen  1.06/turn              f - ring of poison resistance
MPRegen  0.09/turn              k - ring of ice

@: lethally poisoned (-5 -> -6)
A: no striking features
a: no special abilities


You were on level 4 of the Dungeon.
You visited 1 branch of the dungeon, and saw 5 of its levels.

You collected 24 gold pieces.

Inventory:

Hand Weapons
 a - a +0 short sword (weapon)
 g - a +0 dagger
Missiles
 c - 4 datura-tipped darts (quivered)
 e - 21 arrows
Armour
 b - a +0 robe (worn)
Jewellery
 f - a ring of poison resistance (left hand)
 i - an amulet of regeneration (around neck)
 k - a ring of ice (right hand)
Scrolls
 j - a scroll of torment {unknown}
 l - a scroll of identify {unknown}
Potions
 d - 2 potions of curing {unknown}
 h - a potion of heal wounds {unknown}


   Skills:
 - Level 2.4 Fighting
 - Level 3.0 Short Blades
 - Level 3.6 Dodging
 + Level 2.8 Stealth
 + Level 1.1 Spellcasting
 + Level 1.0 Hexes
 * Level 1.2 Invocations


You had 3 spell levels left.
You didn't know any spells.
Your spell library contained the following spells:

 Spells                   Type           Power      Damage    Failure   Level
 Corona                   Hex            3%         N/A       17%         1
 Ensorcelled Hibernation  Hex/Ice        6%         N/A       32%         2
 Tukima's Dance           Hex            3%         N/A       45%         3


Dungeon Overview and Level Annotations

Branches:
Dungeon (5/15)
 Temple: D:4-7

Altars:

Annotations:
D:4 Natasha


Message History

The scorpion is moderately wounded.
The scorpion closely misses you. The scorpion barely misses you.
You hit the scorpion.
The scorpion is moderately wounded.
The scorpion barely misses you.
You barely miss the scorpion.
The scorpion is moderately wounded.
The scorpion closely misses you.
You hit the scorpion.
The scorpion is heavily wounded.
The scorpion completely misses you.
You barely miss the scorpion.
The scorpion is heavily wounded.
The scorpion stings you.
You closely miss the scorpion.
The scorpion is heavily wounded.
The scorpion misses you.
You hit the scorpion.
The scorpion is severely wounded.
The scorpion stings you.
You are poisoned.
The scorpion poisons you!
You hit the scorpion.
The scorpion is almost dead.
You feel very sick. The scorpion barely misses you. The scorpion stings you.
You hit the scorpion but do no damage.
The scorpion is almost dead.
You feel sick. The scorpion closely misses you.
You hit the scorpion but do no damage.
The scorpion is almost dead.
You feel sick. The scorpion misses you.
You hit the scorpion but do no damage.
The scorpion is almost dead.
You feel sick. The scorpion stings you.
* * * LOW HITPOINT WARNING * * *
You completely miss the scorpion.
The scorpion is almost dead.
You feel sick. The scorpion stings you!
You die...

....## .......
#.......
#######.......
#....#.....[.
#...@#.....#
#...s#.....#
#....+.....#
#....#.....#
#....#.....#
#....#.....#
#....##...## ####
#....##Y..###...#
#....#....#.....#


You could see a scorpion.

Vanquished Creatures
  An endoplasm (D:1)
  5 giant cockroaches
  2 goblins
  A hobgoblin (D:3)
  A bat (D:1)
  A frilled lizard (D:2)
  A jackal skeleton (D:4)
  A rat (D:3)
13 creatures vanquished.

Vanquished Creatures (others)
  A fungus (D:1)
1 creature vanquished.

Grand Total: 14 creatures vanquished

Notes
Turn   | Place    | Note
-------+----------+-------------------------------------------
     0 | D:1      | Spectrina the Deep Elf Monk began the quest for the Orb.
     0 | D:1      | Reached XP level 1. HP: 13/13 MP: 3/3
   102 | D:1      | Found a faded altar of an unknown god.
   163 | D:2      | Reached skill level 1 in Spellcasting
   163 | D:2      | Reached XP level 2. HP: 18/18 MP: 5/5
   187 | D:3      | Reached skill level 1 in Invocations
   265 | D:5      | Entered Level 5 of the Dungeon
   279 | D:5      | Noticed a yak
   279 | D:5      | Noticed a yak
   280 | D:5      | Noticed a yak
   292 | D:5      | Noticed an ogre
   369 | D:4      | Reached skill level 1 in Hexes
   377 | D:4      | Noticed a scorpion
   377 | D:4      | Noticed Natasha
   412 | D:4      | Slain by a scorpion

Illustrated notes

Levels and vault maps discovered:
D:1:      heliophobic_arrival_ceremonial_halls, layout_loops_ring,
          shapermc_ecumenical_altar_petra
D:2:      layout_rooms, kennysheep_jessica_study
D:3:      layout_loops_corners, mainiacjoe_overflow_catwalk,
          chequers_temple_overflow_statue_of_worship, serial_rivers,
          chequers_serial_rivers_micro_b, chequers_serial_rivers_micro_a,
          chequers_serial_rivers_large_b, chequers_serial_rivers_micro_c,
          chequers_serial_rivers_large_a, chequers_serial_rivers_micro_a,
          minmay_bisected
D:4:      layout_gridville, hangedman_feature_mirror,
          minmay_misc_feat_four_crosses, kennysheep_dice, uniq_natasha
D:5:      minmay_opposing_rooms, layout_rooms, minmay_temple_entry_overgrown,
          serial_co_window_serial, co_window_corner_a, co_window_corner_a,
          co_window_corner_a, co_window_paths_a, co_window_paths_a,
          co_window_2corner, co_window_cross_4, co_window_2corner,
          co_window_of_opportunity_b, co_window_cross_2, co_window_corner_b,
          co_window_cross_3, co_window_paths_d, glass_columns_a,
          grunt_ministairs_10, minmay_misc_feat_alley, corexii_leaking_fountain,
          hex_tiny

Skill      XL: |  1  2 |
---------------+-------+-----
Spellcasting   | 1 |  1.1
Invocations    | 1 |  1.2
Hexes          | 1 |  1.0
Fighting       | |  2.4
Short Blades   | |  3.0
Dodging        | |  3.6
Stealth        | |  2.8

Action                   || total
-------------------------++-------
Melee: Short sword       ||    67
       Dagger            ||     2
 Stab: Sleeping          ||     3
Armor: Robe              ||    16
Dodge: Dodged            ||    49
